 Dungeon Crawl Stone Soup version 0.32-a0-519-g08f29ac1c3 (webtiles) character file.

Game seed: 13042044268205900182

1 seren the Charlatan (level 1, -2/15 HPs)
             Began as a Coglin Artificer on Feb 27, 2024.
             Slain by a kobold
             ... wielding a +0 whip
              (4 damage)
             ... on level 1 of the Dungeon.
             The game lasted 00:00:12 (112 turns).

seren the Charlatan (Coglin Artificer)               Turns: 112, Time: 00:00:13

Health: -2/15      AC:  3    Str: 12    XL:     1   Next: 20%
Magic:  1/1        EV: 11    Int: 10    God:
Gold:   21         SH:  0    Dex: 14    Spells: 0/0 levels left

rFire   . . .        a - +0 club {Harkiran}
rCold   . . .        (no shield)
rNeg    . . .        b - +0 leather armour
rPois   .            (no helmet)
rElec   .            (no cloak)
rCorr   .            (no gloves)
SInv    .            (no boots)
Will    .....        (no amulet)
Stlth   +            (ring unavailable)
HPRegen 0.22/turn    (ring unavailable)
MPRegen 0.07/turn

%: no passive effects
@: revved
A: off-hand wielding, slow wielding, warmup strikes, no rings
a: no special abilities


You were on level 1 of the Dungeon.
You visited 1 branch of the dungeon, and saw 1 of its levels.

You collected 21 gold pieces.

Inventory:

Hand Weapons
 a - a +0 club (weapon) {Harkiran}
Armour
 b - a +0 leather armour (worn)
Wands
 c - a wand of flame (15) (quivered)
 d - a wand of charming (15)
 e - a wand of iceblast (5)


   Skills:
 + Level 1.0 Fighting
 + Level 1.8 Armour
 + Level 0.9 Dodging
 + Level 0.7 Stealth
 + Level 4.0 Evocations


You couldn't memorise any spells.
You didn't know any spells.
Your spell library was empty.

Dungeon Overview and Level Annotations

Branches:
Dungeon (1/15)

Altars:


Innate Abilities, Weirdness & Mutations

You can wield a second weapon in your off-hand.
It takes a long time for you to wield or remove held weapons.
Your first few attacks do less damage.
Your grasper-arms cannot wear rings.


Message History

The kobold barely misses you. x2
The hobgoblin hits you but does no damage.
You barely miss the kobold.
The kobold is moderately wounded.
The kobold barely misses you. The hobgoblin misses you.
The kobold closely misses you.
The endoplasm quivers.
You hit the kobold but do no damage.
The kobold is moderately wounded.
The kobold hits you with a +0 club.
* * * LOW HITPOINT WARNING * * *
The hobgoblin hits you.
* * * LOW HITPOINT WARNING * * *
The kobold misses you. The kobold hits you with a +0 whip.
* * * LOW HITPOINT WARNING * * *
The hobgoblin hits you.
* * * LOW HITPOINT WARNING * * *
The kobold barely misses you.
You are too injured to fight recklessly!
You are too injured to fight recklessly!
Unknown command.
Unknown command.
Unknown command.
You are too injured to fight recklessly!
You are too injured to fight recklessly!
You hit the hobgoblin.
The hobgoblin is severely wounded.
The kobold hits you but does no damage. The kobold closely misses you.
The hobgoblin barely misses you. The ball python closely misses you. x2
You hit the hobgoblin.
The hobgoblin is almost dead.
The kobold misses you.
The hobgoblin hits you but does no damage.
The ball python barely misses you. The ball python closely misses you.
The kobold hits you but does no damage.
You closely miss the hobgoblin.
The hobgoblin is almost dead.
The ball python bites you but does no damage.
The ball python closely misses you. The kobold hits you with a +0 whip.
You die...

#...##........#
###############......#
..............>......#
##......###..........#
....?..................
..#................##..
....................#
..
....##S..##....###### #
......K@.##....#
.....rKg.##....#
......J####......
....... #.......
....... ....... ......#
...... ......


You could see an endoplasm, a hobgoblin, a ball python, 2 kobolds and a rat.

Vanquished Creatures
  A jackal (D:1)
1 creature vanquished.

Notes
Turn   | Place    | Note
-------+----------+-------------------------------------------
     0 | D:1      | seren the Coglin Artificer began the quest for the Orb.
     0 | D:1      | Reached XP level 1. HP: 15/15 MP: 1/1
   112 | D:1      | Slain by a kobold

Illustrated notes

Levels and vault maps discovered:
D:1:      dpeg_arrival_brainrot, layout_basic, basic_ecumenical_altar,
          serial_shops, nicolae_shop_gaudy_bauble, minmay_tetromino_o2

Action                     || total
---------------------------++-------
  Melee: Club              ||    23
 Armour: Leather armour    ||    22
  Dodge: Dodged            ||    36

Table legend: (Time is in decaauts)
 A = Elapsed time spent in this place.
 B = Non-inter-level travel time spent in this place.
 C = Inter-level travel time spent in this place.
 D = Time resting spent in this place.
 E = Time spent auto-exploring this place.
 F = Levels seen in this place.
 G = Mean time per level.
                   A        B        C        D        E       F      G
               +--------+--------+--------+--------+--------+-----+--------+
         Total |    118 |    118 |      0 |      0 |     77 |   1 |  118.0 |
       Dungeon |    118 |    118 |      0 |      0 |     77 |   1 |  118.0 |
               +--------+--------+--------+--------+--------+-----+--------+

Top non-repeatable levels by time:
     D:1: 118 daAuts
